 Dungeon Crawl Stone Soup version 0.28-a0-863-g8cecda6153 (webtiles) character file.

Game seed: 5157620676721533994

131 bande the Covered (level 5, 0/33 HPs)
             Began as a Gargoyle Fighter on Nov 16, 2021.
             Slain by a black bear (4 damage)
             ... on level 4 of the Dungeon.
             The game lasted 00:03:04 (2803 turns).

bande the Covered (Gargoyle Fighter)                Turns: 2803, Time: 00:03:04

Health: 0/33       AC: 11    Str: 21    XL:     5   Next: 14%
Magic:  5/5        EV:  9    Int:  8    God:
Gold:   87         SH:  5    Dex:  9    Spells: 4/4 levels left

rFire   + . .      SeeInvis .   a - +0 war axe
rCold   + . .      Faith    .   c - +1 buckler
rNeg    + . .      Spirit   .   b - +0 scale mail
rPois   ∞          Reflect  .   (no helmet)
rElec   +          Harm     .   (no cloak)
rCorr   +          Rampage  .   (no gloves)
Will    .....                   (no boots)
Stlth   ..........              (no amulet)
HPRegen 0.11/turn               (no ring)
MPRegen 0.09/turn               (no ring)

@: mighty, resistant
A: sickness immunity, AC +4, negative energy resistance 1, electricity
resistance, torment resistance 1, petrification resistance
a: no special abilities


You were on level 4 of the Dungeon.
You visited 1 branch of the dungeon, and saw 4 of its levels.

You collected 87 gold pieces.

Inventory:

Hand Weapons
 a - a +0 war axe (weapon)
 k - a +2 flail of holy wrath
Armour
 b - a +0 scale mail (worn)
 c - a +1 buckler (worn)
Jewellery
 f - a ring of fire
Wands
 i - a wand of paralysis (9)
Scrolls
 e - a scroll of teleportation
 g - a scroll of identify
Potions
 h - a potion of flight


   Skills:
 + Level 3.9 Fighting
 + Level 3.3 Axes
 + Level 4.0 Armour
 + Level 3.9 Shields
 * Level 0.2 Evocations


You had 4 spell levels left.
You didn't know any spells.
Your spell library contained the following spells:

 Spells                   Type           Power      Damage    Failure   Level
 Magic Dart               Conj           0%         1d3       75%         1
 Searing Ray              Conj           0%         2d4       86%         2
 Fulminant Prism          Conj/Hex       0%         3d6       100%        4


Dungeon Overview and Level Annotations

Branches:
Dungeon (3/15)

Altars:


Innate Abilities, Weirdness & Mutations

You are immune to sickness and miasma.
Your stone body is resilient. (AC +4)
You are immune to poison.
You resist negative energy. (rN+)
You are resistant to electric shocks. (rElec)
You are resistant to unholy torment.
You are immune to petrification.


Message History

The phantom hits you but does no damage.
A black bear comes into view.
The phantom hits you.
* * * LOW HITPOINT WARNING * * *
You closely miss the phantom.
The phantom is lightly damaged.
The black bear growls angrily.
The phantom barely misses you.
You barely miss the phantom.
The phantom is lightly damaged.
You block the phantom's attack.
You hit the phantom.
The phantom is moderately damaged.
You hit the black bear but do no damage.
You block the black bear's attack. The black bear closely misses you.
The black bear claws you but does no damage.
The phantom hits you but does no damage.
A hobgoblin comes into view.
You block the black bear's attack. The black bear barely misses you. x2
You block the phantom's attack.
It was a potion of resistance.
You feel protected.
The hobgoblin shouts!
The black bear bites you but does no damage.
The black bear claws you but does no damage.
The black bear claws you.
* * * LOW HITPOINT WARNING * * *
The phantom hits you but does no damage.
You feel very mighty all of a sudden. You block the black bear's attack.
The black bear claws you but does no damage. x2
The phantom hits you but does no damage.
Unknown command.
You closely miss the black bear. You slash the black bear!
You slash the phantom! The black bear barely misses you.
The black bear claws you but does no damage. x2
The black bear bites you.
* * * LOW HITPOINT WARNING * * *
The black bear claws you.
You die...

#..# #.#..##.. W##
....##.#.....# .#...
#..........#.# ... #
#............###.# .
#.##...........g.†..##.#
.......##.......)#.......
.......##....###.....#.#.
.............# #hh.#.#
.............# #@#...#
..##...##....# #W###..
.............# #.# ..#
............####.# ..
.......##........#
...........#.....#
.......##..#.....#
.#.....
#..#.....#####.####.# ...
#....................


You could see a phantom, 2 black bears and a hobgoblin.

Vanquished Creatures
  An iguana (D:4)
  3 adders
  2 dart slugs
  3 worms
  An orc (D:4)
  2 ball pythons (D:1)
  5 bats
  2 endoplasms
  2 giant cockroaches
  6 goblins
  4 hobgoblins
  3 jackals (D:1)
  7 kobolds
  5 quokkas
  6 frilled lizards
  8 rats (D:1)
60 creatures vanquished.

Notes
Turn   | Place    | Note
-------+----------+-------------------------------------------
     0 | D:1      | bande the Gargoyle Fighter began the quest for the Orb.
     0 | D:1      | Reached XP level 1. HP: 14/14 MP: 1/1
   162 | D:1      | Reached XP level 2. HP: 15/19 MP: 2/2
   592 | D:1      | Reached XP level 3. HP: 22/24 MP: 3/3
  1580 | D:2      | Reached XP level 4. HP: 23/29 MP: 4/4
  2442 | D:3      | You fall into a shaft and drop 1 floor!
  2658 | D:4      | Reached skill level 4 in Armour
  2658 | D:4      | Reached XP level 5. HP: 21/33 MP: 5/5
  2787 | D:4      | Noticed a phantom
  2790 | D:4      | Noticed a black bear
  2797 | D:4      | Noticed a black bear
  2803 | D:4      | Slain by a black bear

Illustrated notes

Levels and vault maps discovered:
D:1:      denvon_arrival_planthouse, layout_basic, serial_rivers,
          chequers_serial_rivers_micro_c, chequers_serial_rivers_room_a,
          chequers_serial_rivers_large_a, chequers_serial_rivers_small_a,
          chequers_serial_rivers_room_a, chequers_serial_rivers_micro_d,
          chequers_avenue, minmay_pentomino_z2
D:2:      layout_basic
D:3:      layout_loops_corners, shapermc_ecumenical_altar_starsandcircs,
          minmay_statues_item
D:4:      layout_basic, minmay_fractal_squares_5

Skill      XL: |  1  2  3  4 |
---------------+-------------+-----
Axes           | 2 3 |  3.3
Armour         | 4 |  4.0
Fighting       | |  3.9
Shields        | |  3.9
Evocations     | |  0.2

Action                   |  1- 3 |  4- 6 || total
-------------------------+-------+-------++-------
Melee: War axe           |   135 |    90 ||   225
  Use: Scroll            |     2 |     5 ||     7
       Potion            |       |     2 ||     2
Armor: Scale mail        |    92 |    58 ||   150
Dodge: Dodged            |    73 |    57 ||   130
Block: Buckler           |    38 |    28 ||    66

Table legend: (Time is in decaauts)
 A = Elapsed time spent in this place.
 B = Non-inter-level travel time spent in this place.
 C = Inter-level travel time spent in this place.
 D = Time resting spent in this place.
 E = Time spent auto-exploring this place.
 F = Levels seen in this place.
 G = Mean time per level.
                   A        B        C        D        E       F      G
               +--------+--------+--------+--------+--------+-----+--------+
         Total |   2896 |   2872 |     24 |    278 |   2046 |   4 |  724.0 |
       Dungeon |   2896 |   2872 |     24 |    278 |   2046 |   4 |  724.0 |
               +--------+--------+--------+--------+--------+-----+--------+

Top non-repeatable levels by time:
     D:1: 1449 daAuts
     D:2: 924 daAuts
     D:4: 371 daAuts
     D:3: 151 daAuts
